 Dungeon Crawl Stone Soup version 0.29-a0-330-g52719c12eb (webtiles) character file.

Game seed: 8648513935484357085

60617 kae the Grappler (level 14, -2/122 (124) HPs)
             Began as a Yellow Draconian Transmuter on May 19, 2022.
             Was a Priest of Ru.
             Succumbed to a hornet's poison
             ... while paralysed by a hornet
             ... on level 13 of the Dungeon.
             The game lasted 00:24:20 (31062 turns).

kae the Grappler (Yellow Draconian Transmuter)     Turns: 31062, Time: 00:24:21

HP:   -2/122 (124)  AC:  8    Str: 16    XL:     14   Next: 57%
MP:   22/22         EV:  2    Int: 15    God:    Ru [***...]
Gold: 2999          SH:  0    Dex: 24    Spells: 17/27 levels left

rFire   . . .      SeeInvis .     - Unarmed
rCold   . . .      Faith    .   (no shield)
rNeg    . . .      Spirit   .   (body armour unavailable)
rPois   .          Reflect  +   (helmet restricted)
rElec   .          Harm     .   (no cloak)
rCorr   +          Rampage  .   (no gloves)
Will    +....                   (no boots)
Stlth   ++........              t - amulet of reflection
HPRegen 0.30/turn               e - +6 ring of dexterity
MPRegen 0.18/turn               y - +6 ring of dexterity

@: paralysed, lethally poisoned (-2 -> -24), slowed, lightly drained, unable to
read
A: spit acid, AC +8, unfitting armour, low MP 1, acidic bite, cold-blooded,
inability to read while threatened, no fire magic, no hexes magic, no necromancy
magic, acid resistance
a: Breathe Acid, Renounce Religion, Draw Out Power


You were on level 13 of the Dungeon.
You worshipped Ru.
Ru was most pleased with you.
You visited 3 branches of the dungeon, and saw 20 of its levels.
You also visited: Sewer, Bailey and Gauntlet.

You collected 3047 gold pieces.
You spent 48 gold pieces at shops.

Inventory:

Missiles
 s - a throwing net
Armour
 G - a +0 hat
 H - a +2 pair of gloves of infusion
Jewellery
 e - a +6 ring of dexterity (left hand)
 o - a ring of magical power
 t - an amulet of reflection (around neck)
 y - a +6 ring of dexterity (right hand)
 C - a ring of positive energy
 F - a ring of poison resistance
 I - a +4 ring of protection
 M - a ring of protection from cold
 N - a ring of resist corrosion
 S - an amulet of regeneration
Wands
 l - a wand of mindburst (15)
 q - a wand of digging (17)
 J - a wand of iceblast (10)
 K - a wand of flame (11)
 P - a wand of acid (5)
Scrolls
 b - 6 scrolls of teleportation
 j - 6 scrolls of fog
 p - 5 scrolls of enchant weapon
 x - 5 scrolls of blinking
 B - a scroll of fear
 D - 13 scrolls of identify
 E - a scroll of brand weapon
 Q - 3 scrolls of enchant armour
 R - 4 scrolls of summoning
 T - a scroll of silence
Potions
 a - 5 potions of lignification
 c - 3 potions of berserk rage
 d - 2 potions of attraction
 f - 5 potions of curing
 g - 10 potions of degeneration
 h - 5 potions of might
 i - 5 potions of haste
 k - 3 potions of cancellation
 m - 5 potions of flight
 n - 4 potions of invisibility
 r - 3 potions of heal wounds
 u - 4 potions of mutation
 v - 7 potions of brilliance
 w - a potion of magic
 z - 2 potions of resistance
 A - a potion of ambrosia
 O - a potion of experience
Miscellaneous
 L - a phial of floods (inert)


   Skills:
 + Level 11.4 Fighting
 + Level 9.9 Dodging
 * Level 14.7 Unarmed Combat
 - Level 7.0 Spellcasting
 - Level 10.4 Transmutations
 - Level 9.0 Ice Magic
 - Level 1.5 Poison Magic
 + Level 5.3 Evocations


You had 17 spell levels left.
You knew the following spells:

 Your Spells              Type           Power      Damage    Failure   Level
a - Beastly Appendage     Tmut           72%        N/A       1%          1
b - Wereblood             Tmut           36%        N/A       1%          2
c - Spider Form           Tmut/Pois      23%        N/A       3%          3
d - Ice Form              Ice/Tmut       34%        N/A       2%          4

Your spell library contained the following spells:

 Spells                   Type           Power      Damage    Failure   Level
 Frozen Ramparts          Ice            64%        1d8       1%          3
 Passwall                 Tmut/Erth      16%        N/A       2%          2
 Sandblast                Erth           10%        2d5       13%         1
 Summon Small Mammal      Summ           20%        N/A       13%         1
 Summon Ice Beast         Ice/Summ       18%        N/A       21%         4
 Stone Arrow              Conj/Erth      10%        3d7       36%         3
 Summon Forest            Summ/Tloc      2%         N/A       98%         5
 Summon Hydra             Summ           2%         N/A       100%        7
 Foxfire                  Conj/Fire      Unusable   2x1d5     N/A         1
 Slow                     Hex            Unusable   N/A       N/A         1
 Confusing Touch          Hex            Unusable   N/A       N/A         3
 Conjure Flame            Conj/Fire      Unusable   6-21      N/A         3
 Inner Flame              Hex/Fire       Unusable   N/A       N/A         3
 Vampiric Draining        Necr           Unusable   2d6       N/A         3
 Flame Wave               Conj/Fire      Unusable   2d5       N/A         4

Dungeon Overview and Level Annotations

Branches:
Dungeon (12/15)            Temple (1/1) D:7            Lair (6/6) D:9
  Swamp (0/4) Lair:3        Snake (0/4) Lair:2        Slime (0/5) Lair:6
    Orc (0/2) D:11          Sewer (visited)          Bailey (visited)
Gauntlet (visited)

Altars:
Ashenzari
Cheibriados
Dithmenos
Elyvilon
Fedhas
Gozag
Hepliaklqana
Kikubaaqudgha
Makhleb
Nemelex Xobeh
Okawaru
Qazlal
Ru
Sif Muna
Trog
Uskayaw
Vehumet
Wu Jian
Xom
Yredelemnul
Zin
The Shining One
Beogh
Jiyva

Shops:
D:1 ![   D:2 [((((   D:5 *[

Annotations:
D:5 exclusion: steam dragon, Sigmund
Lair:2 2 transporters, exclusion: ice statue, zxcv's ghost, journeyman DjIE
Lair:3 1 runed translucent door, Urug; Zoykot's ghost, journeyman DsGl


Innate Abilities, Weirdness & Mutations

You can spit globs of acid.
Your golden yellow scales are hard. (AC +8)
You cannot fit into any form of body armour.
Your magical capacity is low. (-10% MP)
You have acidic saliva.
You are cold-blooded and may be slowed by cold attacks.
You sometimes lose the ability to read scrolls when taking damage.
You cannot study or cast Fire magic.
You cannot study or cast Hexes magic.
You cannot study or cast Necromancy magic.
You are resistant to acid. (rCorr)


Message History

You feel strangely unstable. The hornet completely misses you.
The centaur warrior closely misses you.
The centaur warrior kicks you but does no damage.
The hornet stings you but does no damage.
The phantasmal warrior hits you!! The centaur warrior hits you!
You feel threatened and lose the ability to read scrolls!
The centaur warrior kicks you.
You barely miss the hornet. You bite the hornet, but do no damage.
The hornet stings you!
You suddenly lose the ability to move!
The centaur warrior hits you. The centaur warrior kicks you.
The phantasmal warrior hits you!!
* * * LOW HITPOINT WARNING * * *
The hornet stings you!
* * * LOW HITPOINT WARNING * * *
You feel yourself slow down. The centaur warrior hits you.
* * * LOW HITPOINT WARNING * * *
The centaur warrior kicks you but does no damage.
You hear a shout!
You hear a shout!
The hornet stings you!
* * * LOW HITPOINT WARNING * * *
You are poisoned.
You feel as though you will be slow longer.
The centaur warrior hits you but does no damage.
The centaur warrior barely misses you.
A wraith comes into view.
The phantasmal warrior hits you.
* * * LOW HITPOINT WARNING * * *
The hornet stings you!
* * * LOW HITPOINT WARNING * * *
You are more poisoned.
You shrug off the repeated paralysis!
You redirect the centaur warrior's attack!
The centaur warrior hits itself.
The centaur warrior kicks itself but does no damage.
Your surroundings suddenly seem different.
A death knight, a skeletal warrior and a freezing wraith come into view.
The death knight is wielding a +2 battleaxe of electrocution.
Found a leather armour.
You die...

#.# #.# ###.##
....# .# #...#
... #...# # #.#
##.###...# #.
#.## .......@.#
#.###..
...###[#...#
#.....# #W .#.#
#...?.# #. .. #
#8....# #p #.#
#.....# ####.# .#
#c....#####....)#
.# .#####..8..#
#z .# #...z.#


You could see a death knight (asleep), a skeletal warrior (dormant) and a
freezing wraith (dormant).

Vanquished Creatures
  Nessos (Lair:6)
  A minotaur (Gauntlet)
  7 hydras
  3 catoblepae (Lair:6)
  2 boulder beetles (Lair:5)
  3 two-headed ogres
  A tengu warrior (Gauntlet)
  8 death yaks
  Nergalle (D:11)
  A fire crab (Gauntlet)
  4 orc knights (Bailey)
  4 manticores
  2 cyclopes (D:12)
  18 elephants
  2 black mambas (Lair:5)
  A gargoyle (D:10)
  13 cane toads
  A torpor snail (Lair:4)
  7 komodo dragons
  Psyche (D:11)
  A rime drake (Lair:4)
  2 kobold demonologists
  2 tengu conjurers (Gauntlet)
  2 polar bears
  A queen bee (Gauntlet)
  4 trolls
  A hornet (D:7)
  A tyrant leech (Lair:3)
  14 blink frogs
  4 shadows
  3 wyverns
  2 wraiths
  3 fire bats (Gauntlet)
  62 yaks
  6 basilisks
  2 nagas (Lair:2)
  An acid dragon (D:10)
  26 water moccasins
  A hell hound (Gauntlet)
  3 ice beasts
  10 orc warriors
  4 sky beasts
  2 black bears
  2 ogres
  3 wolves (Lair:1)
  9 centaurs
  3 phantoms (D:5)
  9 kobold brigands
  10 bullfrogs
  5 scorpions
  A necrophage (D:6)
  2 gnoll sergeants
  9 wights
  4 killer bees (Gauntlet)
  3 howler monkeys (D:9)
  5 electric eels
  A hound (D:5)
  8 orc priests
  3 iguanas
  15 orc wizards
  9 gnolls
  5 adders
  A shadow imp (D:5)
  3 white imps
  3 ufetubi
  2 worms
  3 dart slugs
  73 orcs
  10 endoplasms
  3 giant cockroaches
  8 goblins
  10 hobgoblins
  4 jackals (D:2)
  3 quokkas
  11 ball pythons
  5 bats
  5 frilled lizards
  24 kobolds
  A rat (Sewer)
513 creatures vanquished.

Vanquished Creatures (others)
  A boulder beetle (Lair:6)
  43 fungi
  84 plants
128 creatures vanquished.

Grand Total: 641 creatures vanquished

Notes
Turn   | Place    | Note
-------+----------+-------------------------------------------
     0 | D:1      | kae the Draconian Transmuter began the quest for the Orb.
     0 | D:1      | Reached XP level 1. HP: 16/16 MP: 3/3
   134 | D:1      | Found Vepufib's Armour Shop.
   418 | D:1      | Reached XP level 2. HP: 23/23 MP: 5/5
   466 | D:1      | Learned a level 2 spell: Wereblood
   757 | D:1      | Found Ebloc's Distillery.
   777 | D:1      | Bought a potion of curing for 36 gold pieces
   777 | D:1      | Bought a potion of degeneration for 12 gold pieces
  1068 | D:2      | Found Weothri's Antique Weapon Shoppe.
  1202 | D:2      | Found Reosaure's Antique Weapon Shoppe.
  1210 | D:2      | Reached XP level 3. HP: 19/28 MP: 4/6
  1214 | D:2      | Learned a level 3 spell: Spider Form
  1406 | D:2      | Found Gomiqi's Weapon Shoppe.
  1502 | D:2      | Found a shimmering altar of Xom.
  1667 | D:2      | Found Xigu's Weapon Shop.
  1744 | D:2      | Reached XP level 4. HP: 27/35 MP: 5/7
  1890 | D:2      | Found Jaigytt's Armour Boutique.
  2107 | D:3      | Noticed a scorpion
  2120 | D:3      | Killed a scorpion
  2121 | D:3      | Reached skill level 1 in Poison Magic
  2121 | D:3      | Reached XP level 5. HP: 30/40 MP: 7/9
  2942 | D:3      | Found a shadowy altar of Dithmenos.
  3027 | D:3      | Found a faded altar of an unknown god.
  3284 | D:4      | Reached skill level 4 in Unarmed Combat
  3429 | D:4      | Found an iron altar of Okawaru.
  3442 | D:4      | Found a white marble altar of Elyvilon.
  3442 | D:4      | Found a broken altar of Ashenzari.
  3505 | D:4      | Reached XP level 6. HP: 33/47 MP: 3/10
  3603 | D:4      | Learned a level 4 spell: Ice Form
  3621 | D:4      | Found a glowing silver altar of Zin.
  3729 | D:4      | Found an opulent altar of Gozag.
  4238 | D:4      | Reached skill level 1 in Ice Magic
  4468 | D:4      | Identified the +3 mace of Hoid Pea {distort, rElec rPois
                  | rF++ Str-4}
  4700 | D:5      | Entered Level 5 of the Dungeon
  4710 | D:5      | Noticed a sky beast
  4721 | D:5      | Reached skill level 5 in Transmutations
  4742 | D:5      | Your scales start taking on a golden yellow colour.
  4742 | D:5      | Reached XP level 7. HP: 52/52 MP: 7/12
  4742 | D:5      | Gained mutation: You are resistant to acid. (rCorr) [Yellow
                  | Draconian growth]
  4850 | D:5      | Found Senur's Lightly-Used Armoury.
  4913 | D:5      | Found Jostiur's Antique Armour Emporium.
  5029 | D:5      | Found a blossoming altar of Fedhas.
  5057 | D:5      | Found a glowing drain.
  5067 | Sewer    | Entered a sewer
  5294 | Sewer    | Reached skill level 5 in Unarmed Combat
  5294 | Sewer    | Reached XP level 8. HP: 49/59 MP: 14/14
  5963 | D:5      | Noticed Sigmund
  6621 | D:6      | Identified the +1 hunting sling "Hosed" {vorpal, rF- rN+
                  | Str+4}
  6897 | D:6      | Reached skill level 5 in Ice Magic
  7184 | D:6      | Reached XP level 9. HP: 67/67 MP: 16/16
  7543 | D:7      | Reached skill level 5 in Spellcasting
  7597 | D:7      | Reached skill level 6 in Unarmed Combat
  9418 | D:7      | Found a staircase to the Ecumenical Temple.
  9923 | Temple   | Entered the Ecumenical Temple
 10158 | Temple   | Became a worshipper of Ru the Awakened
 10443 | D:8      | Reached XP level 10. HP: 77/77 MP: 18/18
 10741 | D:8      | Noticed a two-headed ogre
 10752 | D:8      | Killed a two-headed ogre
 11629 | D:9      | Reached skill level 7 in Unarmed Combat
 11866 | D:9      | Found a staircase to the Lair.
 11906 | D:9      | Noticed a two-headed ogre
 11933 | D:9      | Killed a two-headed ogre
 11934 | D:9      | Reached XP level 11. HP: 44/85 MP: 20/20
 12234 | D:9      | Reached skill level 5 in Fighting
 12610 | D:9      | Reached skill level 10 in Transmutations
 13668 | Lair:1   | Entered Level 1 of the Lair of Beasts
 13976 | Lair:1   | Reached skill level 5 in Dodging
 14766 | Lair:2   | Noticed zxcv's ghost (journeyman DjIE)
 14768 | Lair:2   | Noticed a death yak
 14816 | Lair:2   | Reached skill level 8 in Unarmed Combat
 15047 | Lair:2   | Found a staircase to the Snake Pit.
 15090 | Lair:2   | Noticed a six-headed hydra
 15714 | Lair:2   | Reached skill level 9 in Unarmed Combat
 15805 | Lair:2   | Reached XP level 12. HP: 97/97 MP: 19/22
 15938 | Lair:2   | Found a transporter.
 15941 | Lair:2   | Found a transporter.
 16201 | Lair:2   | Killed a six-headed hydra
 16638 | Lair:3   | Found a runed translucent door.
 16750 | Lair:3   | Noticed a five-headed hydra
 16758 | Lair:3   | Killed a five-headed hydra
 16819 | Lair:3   | Reached skill level 10 in Unarmed Combat
 17002 | Lair:3   | Noticed a six-headed hydra
 17017 | Lair:3   | Killed a six-headed hydra
 17128 | Lair:3   | Found a staircase to the Swamp.
 17302 | Lair:3   | Noticed Urug
 18198 | Lair:3   | Noticed Zoykot's ghost (journeyman DsGl)
 18401 | Lair:4   | Reached skill level 11 in Unarmed Combat
 18521 | Lair:4   | Found a gate leading to a gauntlet.
 18581 | Gauntlet | Entered a Gauntlet
 18581 | Gauntlet | Found a transporter.
 18581 | Gauntlet | Found a transporter.
 18745 | Gauntlet | Found a transporter.
 18762 | Gauntlet | Found a transporter.
 18774 | Gauntlet | Found a transporter.
 18774 | Gauntlet | Found a transporter.
 18774 | Gauntlet | Found a transporter.
 18776 | Gauntlet | Found a transporter.
 18776 | Gauntlet | Found a transporter.
 18776 | Gauntlet | Noticed a tengu warrior
 18781 | Gauntlet | Noticed a death yak
 18784 | Gauntlet | Noticed a death yak
 18785 | Gauntlet | Noticed a death yak
 18788 | Gauntlet | Found a transporter.
 18788 | Gauntlet | Noticed a death yak
 18789 | Gauntlet | Noticed a death yak
 18790 | Gauntlet | Noticed a death yak
 18804 | Gauntlet | Found a transporter.
 18814 | Gauntlet | Found a transporter.
 18818 | Gauntlet | Noticed a ghost crab
 18828 | Gauntlet | Found a transporter.
 18848 | Gauntlet | Found a transporter.
 18849 | Gauntlet | Found a runed translucent door.
 18877 | Gauntlet | Gained mutation: You cannot study or cast Fire magic. [Ru
                  | sacrifice]
 18877 | Gauntlet | Gained mutation: You cannot study or cast Hexes magic. [Ru
                  | sacrifice]
 18877 | Gauntlet | Gained mutation: You cannot study or cast Necromancy magic.
                  | [Ru sacrifice]
 18877 | Gauntlet | Reached * piety under Ru
 18968 | Gauntlet | Killed a tengu warrior
 18973 | Gauntlet | Reached XP level 13. HP: 91/111 MP: 18/23
 19003 | Gauntlet | Reached skill level 12 in Unarmed Combat
 19259 | Gauntlet | Noticed a minotaur
 19271 | Gauntlet | Killed a minotaur
 19439 | Gauntlet | Got the Volume of Companions
 21093 | Lair:5   | You fall into a shaft and drop 1 floor!
 21093 | Lair:6   | Entered Level 6 of the Lair of Beasts
 21510 | Lair:6   | Reached skill level 1 in Evocations
 21733 | Lair:5   | Reached skill level 10 in Fighting
 21733 | Lair:5   | Reached skill level 13 in Unarmed Combat
 22464 | Lair:5   | Gained mutation: You sometimes lose the ability to read
                  | scrolls when taking damage. [Ru sacrifice]
 22464 | Lair:5   | Reached ** piety under Ru
 23291 | Lair:6   | Noticed Nessos
 23304 | Lair:5   | HP: 6/136 [poisoned by Nessos]
 24984 | Lair:6   | Found a viscous altar of Jiyva.
 24985 | Lair:6   | Found a staircase to the Slime Pits.
 25488 | Lair:6   | Killed Nessos
 25889 | Lair:6   | Gained mutation: You have acidic saliva. [Yellow Draconian
                  | growth]
 25889 | Lair:6   | Reached XP level 14. HP: 121/122 MP: 24/24
 26142 | Lair:6   | Reached skill level 14 in Unarmed Combat
 27054 | D:9      | Identified the +4 long sword of the Blowfly {speed, rC+}
 27076 | D:10     | Entered Level 10 of the Dungeon
 27188 | D:10     | Found a glowing golden altar of the Shining One.
 27191 | D:10     | Found a basalt altar of Yredelemnul.
 27285 | D:10     | Found a flagged portal.
 27313 | Bailey   | Entered a bailey
 28788 | D:10     | Noticed an angel
 28835 | D:10     | Gained mutation: Your magical capacity is low. (-10% MP)
                  | [Ru sacrifice]
 28835 | D:10     | Reached *** piety under Ru
 29249 | D:11     | Found a staircase to the Orcish Mines.
 29330 | D:11     | Noticed Psyche
 29349 | D:11     | Killed Psyche
 29582 | D:11     | Reached skill level 5 in Evocations
 29750 | D:11     | Noticed Nergalle
 29766 | D:11     | Killed Nergalle
 30227 | D:11     | Acquired 1046 gold pieces
 31044 | D:12     | You fall into a shaft and drop 1 floor!
 31044 | D:13     | Noticed a fire giant
 31059 | D:13     | Paralysed by a hornet for 3 turns
 31061 | D:13     | HP: 3/122 [hornet (shapeshifter) (9)]
 31062 | D:13     | Succumbed to a hornet's poison

Illustrated notes

Levels and vault maps discovered:
D:1:      dpeg_arrival_orchard, layout_basic, serial_shops,
          nicolae_lakefront_shop, nicolae_square_shop
D:2:      layout_rooms, basic_altar, serial_shops, nicolae_shop_behind_doors,
          shop, nicolae_shop_waterfront, shop, shop, nrook_mini_backslash,
          chequers_serial_rivers_small_a, hangedman_decor_diamond_cutter
D:3:      layout_loops_ring, marbit_many_paths,
          hellmonk_ecumenical_altar_arch_garden, nicolae_figureground_sparkle
D:4:      layout_gridville, pdpol_temple_overflow_zin_treasury_gozag_greed,
          grunt_temple_overflow_open
D:5:      kennysheep_steamy, layout_loops_ring, fedhas_altar_3, serial_shops,
          nicolae_inconvenience_store, cheibrodos_sewer_entry_sluice,
          minmay_shop_damaged, uniq_sigmund
D:6:      layout_basic
D:7:      layout_loops_corners, minmay_temple_entry_poolview, serial_bayou,
          serial_bayou_lake_a, serial_bayou_pond_b, serial_bayou_pond_e,
          serial_bayou_shore_a
D:8:      layout_cave_pools, minmay_misc_feat_secret_circle,
          minmay_misc_feat_tiny, minmay_misc_feat_tower, lemuel_old_faithful
D:9:      layout_roguey [special_room_orc], minmay_lair_entry_grove
D:10:     layout_cave_pools, grunt_temple_overflow_holy_war, serial_glass,
          glass_columns_b, glass_columns_a, enter_bailey_5
D:11:     layout_loops_cross, orc_0_dummy, hangedman_abyss_or_decor_stagger,
          uniq_psyche, uniq_nergalle
D:12:     layout_roguey, nicolae_trove_entry_path_of_doom,
          minmay_misc_feat_doors
D:13:     layout_loops_ring, skrybe_vaults_entry_preservation, special_room
          [special_room_orc], wad_dig_loot, uniq_rupert
Temple:   nicolae_temple_figure_eight
Lair:1:   layout_chaotic_city, fungi_pond_lemuel, nicolae_quartered_pool_medium,
          st_stairs_8
Lair:2:   layout_chaotic_city, guppyfry_snake_entry_garden, nzn_ghost_randoct,
          chequers_serial_rivers_large_a
Lair:3:   layout_misc_corridors, palyth_hydra_swamp_entry,
          ebering_ghost_reflecting_pool, minmay_lindwurm_lava, uniq_urug
Lair:4:   layout_roguey, gauntlet_entry_generic, grunt_megastairs_3
Lair:5:   layout_loops_ring, minmay_shattered_shrine
Lair:6:   evilmike_catoblepas_cave, layout_small_grid, slime_altar_1,
          grunt_megastairs_4, uniq_nessos

Skill      XL: |  1  2  3  4  5  6  7  8  9 10 11 12 13 14 |
---------------+-------------------------------------------+-----
Transmutations | 3 4 5 6 7 8 9 10 | 10.4
Poison Magic   | 1 |  1.5
Spellcasting   | 3 4 5 6 7 |  7.0
Unarmed Combat | 4 5 6 7 9 11 13 14 | 14.7
Ice Magic      | 2 3 5 6 8 9 |  9.0
Dodging        | 2 3 4 6 7 9 |  9.9
Fighting       | 3 4 6 9 10 11 | 11.4
Evocations     | 3 5 |  5.3

Action                   |  1- 3 |  4- 6 |  7- 9 | 10-12 | 13-15 || total
-------------------------+-------+-------+-------+-------+-------++-------
Melee: Unarmed           |    87 |   151 |   291 |   558 |   550 ||  1637
       Kick              |    27 |    16 |       |       |       ||    43
       Tailslap          |    10 |     9 |     3 |     6 |       ||    28
       Headbutt          |     7 |    11 |       |       |       ||    18
       Punch             |     1 |     3 |       |     1 |     2 ||     7
       Bite              |       |       |       |       |     1 ||     1
 Cast: Beastly Appendage |    24 |    17 |       |       |     1 ||    42
       Spider Form       |       |    12 |    14 |       |     1 ||    27
       Ice Form          |       |     1 |    29 |    55 |    67 ||   152
       Wereblood         |       |       |       |     6 |    17 ||    23
Invok: Reject Sacrifices |       |       |       |     1 |       ||     1
       Sacrifice Arcana  |       |       |       |     1 |       ||     1
       Sacrifice Words   |       |       |       |       |     1 ||     1
       Sacrifice Essence |       |       |       |       |     1 ||     1
 Abil: Breathe Acid      |       |       |     2 |       |       ||     2
Evoke: Wand              |       |       |       |     9 |     9 ||    18
       Phial of floods   |       |       |       |       |     2 ||     2
  Use: Scroll            |     2 |    13 |     7 |     5 |     6 ||    33
       Potion            |       |     2 |     1 |     1 |     7 ||    11
 Stab: Sleeping          |       |     2 |     1 |     1 |       ||     4
       Distracted        |       |       |       |       |     1 ||     1
       Invisible         |       |       |       |       |     4 ||     4
Armor: Skin              |    35 |    25 |    97 |   160 |   105 ||   422
Dodge: Dodged            |    64 |   115 |   179 |   271 |   408 ||  1037
Block: Other             |       |       |    34 |   113 |   115 ||   262
       Reflection        |       |       |       |     1 |     2 ||     3

Table legend: (Time is in decaauts)
 A = Elapsed time spent in this place.
 B = Non-inter-level travel time spent in this place.
 C = Inter-level travel time spent in this place.
 D = Time resting spent in this place.
 E = Time spent auto-exploring this place.
 F = Levels seen in this place.
 G = Mean time per level.
                   A        B        C        D        E       F      G
               +--------+--------+--------+--------+--------+-----+--------+
         Total |  30887 |  29952 |    935 |   5098 |  20549 |  23 | 1342.9 |
       Dungeon |  15306 |  14789 |    517 |   1419 |  10969 |  13 | 1177.4 |
        Temple |    266 |    208 |     58 |      0 |    205 |   1 |  266.0 |
          Lair |  12416 |  12056 |    360 |   3259 |   7360 |   6 | 2069.3 |
         Sewer |    744 |    744 |      0 |      0 |    641 |   1 |  744.0 |
        Bailey |   1299 |   1299 |      0 |    180 |    939 |   1 | 1299.0 |
      Gauntlet |    854 |    854 |      0 |    240 |    435 |   1 |  854.0 |
               +--------+--------+--------+--------+--------+-----+--------+

Top non-repeatable levels by time:
  Lair:6: 3151 daAuts
  Lair:5: 2813 daAuts
     D:7: 2686 daAuts
     D:9: 2064 daAuts
  Lair:2: 1878 daAuts
  Lair:4: 1746 daAuts
  Lair:3: 1718 daAuts
     D:4: 1443 daAuts
    D:11: 1394 daAuts
  Bailey: 1299 daAuts
     D:3: 1207 daAuts
     D:8: 1190 daAuts
  Lair:1: 1108 daAuts
     D:6: 1099 daAuts
     D:2: 1064 daAuts
